Match 47327387
Unlisted

Match 47327387
End
Panzergrenadier Squad
Selects Panzerjäger Kommand Battlegroup
Panzergrenadier Squad
Construct Light Support Kompanie
MG34 Team
Selects GrB 39 Grenade Launcher Requisition
250 Light Carrier
Fire Support Elements
Selects Mine Fields
Combat Half-tracks
Assault Mechanized Group
Vehicle Survival Package
Construct Panzerarmee Kommand
Armored Reserves
Panzer IV Assault Group
Emergency Repair Kits
oxfordsdon
UneXplain
Elias
Cjoffrey
Mowgli01
darkGweni
0
0

Comments sign in to comment!

No comments posted yet!